 Dungeon Crawl Stone Soup version 0.28.0-47-ge53b351184 (webtiles) character file.

Game seed: 14466942646955833574

37 GigaChad the Skirmisher (level 3, -3/33 HPs)
             Began as a Minotaur Fighter on May 7, 2022.
             Was a Follower of Fedhas.
             Slain by an orc
             ... wielding a +0 hand axe
              (4 damage)
             ... on level 2 of the Dungeon.
             The game lasted 00:03:05 (865 turns).

GigaChad the Skirmisher (Minotaur Fighter)           Turns: 865, Time: 00:03:07

Health: -3/33      AC:  7    Str: 20    XL:     3   Next: 23%
Magic:  2/2        EV:  9    Int:  5    God:    Fedhas [*.....]
Gold:   774        SH:  0    Dex: 11    Spells: 2/2 levels left

rFire   . . .      SeeInvis .   a - +0 long sword
rCold   . . .      Faith    .   c - +0 buckler
rNeg    . . .      Spirit   .   b - +0 scale mail
rPois   .          Reflect  .   (helmet restricted)
rElec   .          Harm     .   (no cloak)
rCorr   .          Rampage  .   (no gloves)
Will    .....                   (no boots)
Stlth   ..........              (no amulet)
HPRegen 0.11/turn               (no ring)
MPRegen 0.08/turn               (no ring)

@: confused
A: horns 2, retaliatory headbutt
a: Renounce Religion


You were on level 2 of the Dungeon.
You worshipped Fedhas.
Fedhas was aware of your devotion.
You visited 1 branch of the dungeon, and saw 2 of its levels.

You collected 774 gold pieces.

Inventory:

Hand Weapons
 a - a +0 long sword (weapon)
Armour
 b - a +0 scale mail (worn)
 c - a +0 buckler (worn)
 l - a +0 plate armour
Scrolls
 e - 2 scrolls of magic mapping
 h - a scroll of identify {unknown}
 j - a scroll of amnesia {unknown}
 k - a scroll of teleportation {unknown}
Potions
 d - a potion of might
 f - a potion of invisibility {unknown}
 i - a potion of flight {unknown}


   Skills:
 + Level 4.1 Fighting
 + Level 3.0 Long Blades
 + Level 4.1 Armour
 + Level 4.1 Shields


You had 2 spell levels left.
You didn't know any spells.
Your spell library was empty.

Dungeon Overview and Level Annotations

Branches:
Dungeon (2/15)

Altars:
Fedhas


Innate Abilities, Weirdness & Mutations

You have a pair of horns on your head.
You reflexively headbutt those who attack you in melee.


Message History

You barely miss the orc. The orc hits you but does no damage.
The orc wizard barely misses you. The orc hits you but does no damage.
You hit the orc but do no damage.
The orc wizard hits you but does no damage.
The orc hits you with a +0 hand axe.
You barely miss the orc. The orc wizard barely misses you.
The orc hits you but does no damage.
You hit the orc but do no damage.
The orc wizard hits you but does no damage.
The orc hits you with a +0 hand axe.
An orc comes into view. It is wielding a +0 dagger.
The orc wizard barely misses you. You furiously retaliate!
You headbutt the orc wizard! You closely miss the orc.
You block the orc's attack.
The frilled lizard hisses.
The orc wizard barely misses you. The orc hits you but does no damage.
You closely miss the orc. Your headbutt misses the orc.
The orc wizard misses you. The orc hits you with a +0 hand axe.
You completely miss the orc. The orc wizard casts a spell at you.
The magic dart hits you!
* * * LOW HITPOINT WARNING * * *
The orc hits you with a +0 hand axe.
* * * LOW HITPOINT WARNING * * *
The orc wizard casts a spell at you.
You are confused.
You bump into the rock wall.
The orc barely misses you.
An adder comes into view.
The orc wizard gestures at you while chanting.
You resist with significant effort.
You bump into the rock wall.
The orc hits you but does no damage.
The orc wizard hits you with a +0 dagger.
* * * LOW HITPOINT WARNING * * *
You barely miss the orc wizard.
The orc wizard is severely wounded.
The orc hits you with a +0 hand axe.
* * * LOW HITPOINT WARNING * * *
The orc wizard barely misses you. The orc hits you with a +0 hand axe.
You die...
Fedhas appreciates your contribution to the ecosystem.

<.o#.###..
####.#....
##...)...#
......S..# .##
#.###.#.o# ... ..
#oo# ...# .l. #gl#
...### ..# #oo##
...... .
#.@.#######...###
#.#.#............
#.................
#.....#.............
#.#########.#...#.#
#. #.#...... #
#.#...#.#
#######.#...# #
........#...#.#


You could see 2 orc wizards, an adder, 3 orcs, a hobgoblin and a frilled lizard.

Vanquished Creatures
  An adder (D:2)
  A dart slug (D:1)
  3 endoplasms
  2 giant cockroaches (D:1)
  5 goblins (D:1)
  A hobgoblin (D:1)
  3 quokkas (D:1)
  2 ball pythons (D:1)
  A frilled lizard (D:1)
  2 kobolds
  A rat (D:1)
22 creatures vanquished.

Notes
Turn   | Place    | Note
-------+----------+-------------------------------------------
     0 | D:1      | GigaChad the Minotaur Fighter began the quest for the Orb.
     0 | D:1      | Reached XP level 1. HP: 19/19 MP: 0/0
   201 | D:1      | Reached XP level 2. HP: 27/27 MP: 1/1
   688 | D:1      | Found a faded altar of an unknown god.
   704 | D:1      | Prayed at the altar of an unknown god.
   704 | D:1      | Became a worshipper of Fedhas Madash
   704 | D:1      | Reached * piety under Fedhas
   800 | D:2      | Reached XP level 3. HP: 17/33 MP: 2/2
   826 | D:2      | Identified a scroll of acquirement
   826 | D:2      | Acquired 745 gold pieces
   865 | D:2      | HP: 1/33 [orc/+0 hand axe (2)]
   865 | D:2      | Slain by an orc

Illustrated notes

Levels and vault maps discovered:
D:1:      erik_arrival_triangle_small, layout_basic,
          shapermc_ecumenical_altar_notcrosses
D:2:      layout_loops_cross, basic_altar

Skill      XL: |  1  2 |
---------------+-------+-----
Fighting       | 4 |  4.1
Shields        | 4 |  4.1
Armour         | 4 |  4.1
Long Blades    | 3 |  3.0

Action                   || total
-------------------------++-------
Melee: Long sword        ||    64
       Headbutt          ||     8
  Use: Scroll            ||     2
Armor: Scale mail        ||    31
Dodge: Dodged            ||    33
Block: Buckler           ||    12
